 Dungeon Crawl Stone Soup version 0.30-a0-374-g95c0257040 (webtiles) character file.

Game seed: 15747190896831012432

11 Haldmier the Sneak (level 2, -5/26 HPs)
             Began as an Armataur Delver on Nov 26, 2022.
             Killed by nerve-wracking pain
             ... invoked by an orc priest
              (7 damage)
             ... on level 5 of the Dungeon.
             The game lasted 00:02:57 (324 turns).

Haldmier the Sneak (Armataur Delver)                 Turns: 324, Time: 00:02:58

Health: -5/26      AC:  4    Str: 17    XL:     2   Next: 13%
Magic:  2/2        EV:  9    Int: 16    God:
Gold:   30         SH:  0    Dex: 11    Spells: 1/1 levels left

rFire   . . .      SeeInvis .    a - +0 mace
rCold   . . .      Faith    .    (no shield)
rNeg    . . .      Spirit   .    b - +0 leather armour
rPois   .          Reflect  .    (no helmet)
rElec   .          Harm     .    (no cloak)
rCorr   .          Roll     +    (no gloves)
Will    .....                    (no barding)
Stlth   +++.......               (no amulet)
HPRegen 0.24/turn                m - +6 ring of intelligence
MPRegen 0.08/turn                (no ring)

@: hasted, very quick
A: large, rugged brown scales 3, deformed body, armoured tail, roll, long
tongue, awkward tongue
a: no special abilities


You were on level 5 of the Dungeon.
You visited 1 branch of the dungeon, and saw 2 of its levels.

You collected 30 gold pieces.

Inventory:

Hand Weapons
 a - a +0 mace (weapon)
Missiles
 h - 3 stones (quivered)
Armour
 b - a +0 leather armour (worn)
Jewellery
 m - a +6 ring of intelligence (left hand)
Wands
 g - a wand of digging (3)
Scrolls
 c - a scroll of fog
 d - a scroll of magic mapping
 e - a scroll of fear
 i - a scroll of blinking {unknown}
 k - a scroll of immolation {unknown}
Potions
 j - a potion of heal wounds {unknown}
 l - a potion of brilliance {unknown}


   Skills:
 - Level 2.6 Fighting
 + Level 2.6 Maces & Flails
 - Level 1.3 Dodging
 - Level 5.4 Stealth


You had one spell level left.
You didn't know any spells.
Your spell library was empty.

Dungeon Overview and Level Annotations

Branches:
Dungeon (5/15)
 Temple: D:4-7

Altars:

Annotations:
D:4 1 transporter


Innate Abilities, Weirdness & Mutations

You are completely covered in rugged brown scales. (AC +3, +7% HP)
Armour fits poorly on your strangely shaped body.
You have a long armoured tail.
You roll when moving toward enemies. (Rampage)
Your long tongue fully drains potion bottles. (2x potion effects)
Your tongue gives you trouble enunciating. (1.5x scroll delay)


Message History

m - a +6 ring of intelligence You feel clever.
m - a +6 ring of intelligence (left hand)
Found 8 gold pieces.
There is a stone staircase leading up here.
You climb upwards.
Level annotation: 1 transporter
There is a stone staircase leading down here.
You roll towards the orc priest!
You hit the orc priest.
The orc priest is lightly wounded.
The orc priest closely misses you.
The orc priest invokes the aid of Beogh against you.
Beogh smites you!
Ouch! That really hurt!
There is a stone staircase leading down here.
You climb downwards.
There is a stone staircase leading up here.
You hit the orc priest but do no damage.
Your tail-slap misses the orc priest.
The orc priest is lightly wounded.
The orc priest hits you with a +0 whip.
* * * LOW HITPOINT WARNING * * *
The orc priest barely misses you.
You barely miss the orc priest.
Your tail-slap misses the orc priest.
The orc priest is lightly wounded.
The orc priest hits you but does no damage.
You closely miss the orc priest.
The orc priest is lightly wounded.
The orc priest misses you.
You barely miss the orc priest.
Your tail-slap misses the orc priest.
The orc priest is lightly wounded.
The orc priest hits you with a +0 whip.
* * * LOW HITPOINT WARNING * * *
The orc priest hits you with a +0 whip.
* * * LOW HITPOINT WARNING * * *
You slurp down every last drop of the potion of haste!
You feel yourself speed up.
The orc priest calls down the wrath of Beogh upon you.
Pain shoots through your body!
You die...

#...##.#####...........##
$#.......##........###...#
.........##..........###.###
......#..##........#...#...#
..........#........###.###.#
...............#.### #......
.................# ####... ..
#.....####.o#...## ###. ..
##...# #.@....### ## ..# ##.#
#....#...# ..## #.# #.#..#.#>##
...## +#.#+ ##..#.......######
....###...###....>.#.........#
........8...................##
#...###...###...............###
#..##s+#.#+
##................###
#.##..5#.# #.............#....


You could see an orc priest.

Vanquished Creatures
  An adder (D:5)
  An orc (D:5)
2 creatures vanquished.

Notes
Turn   | Place    | Note
-------+----------+-------------------------------------------
     0 | D:5      | Haldmier the Armataur Delver began the quest for the Orb.
     0 | D:5      | Reached XP level 1. HP: 19/19 MP: 1/1
    71 | D:5      | Noticed a scorpion
    95 | D:4      | Noticed a scorpion
   106 | D:5      | Noticed a black bear
   152 | D:4      | Found a transporter.
   176 | D:4      | Noticed an orc wizard
   176 | D:4      | Noticed an orc priest
   176 | D:4      | Noticed an orc priest
   254 | D:5      | Reached XP level 2. HP: 21/26 MP: 2/2
   324 | D:5      | Killed from afar by an orc priest

Illustrated notes

Levels and vault maps discovered:
D:4:      layout_loops_corners, gammafunk_ghost_mausoleum, corexii_checkpoint_a,
          uniq_edmund
D:5:      cheibrodos_barr_body, layout_rooms, dk_yredelemnul_ordeal,
          amcnicky_mini_pool_small

Skill      XL: |  1 |
---------------+----+-----
Maces & Flails | 2 |  2.6
Fighting       | |  2.6
Dodging        | |  1.3
Stealth        | |  5.4

Action                   || total
-------------------------++-------
Melee: Mace              ||    19
       Tailslap          ||     1
  Use: Potion            ||     1
Armor: Leather armour    ||     6
Dodge: Dodged            ||     9

Table legend: (Time is in decaauts)
 A = Elapsed time spent in this place.
 B = Non-inter-level travel time spent in this place.
 C = Inter-level travel time spent in this place.
 D = Time resting spent in this place.
 E = Time spent auto-exploring this place.
 F = Levels seen in this place.
 G = Mean time per level.
                   A        B        C        D        E       F      G
               +--------+--------+--------+--------+--------+-----+--------+
         Total |    330 |    330 |      0 |     58 |      0 |   2 |  165.0 |
       Dungeon |    330 |    330 |      0 |     58 |      0 |   2 |  165.0 |
               +--------+--------+--------+--------+--------+-----+--------+

Top non-repeatable levels by time:
     D:5: 271 daAuts
     D:4: 59 daAuts
